 Dungeon Crawl Stone Soup version 0.31-a0-187-gba352fbbf7 (webtiles) character file.

Game seed: 5997093652508471666

179 qw the Skirmisher (level 5, -1/29 HPs)
             Began as a Deep Elf Hunter on June 22, 2023.
             Succumbed to a scorpion's poison
             ... on level 3 of the Dungeon.
             The game lasted 00:00:49 (2095 turns).

qw the Skirmisher (Deep Elf Hunter)                 Turns: 2095, Time: 00:00:49

Health: -1/29      AC:  8    Str: 10    XL:     5   Next: 32%
Magic:  7/7        EV: 12    Int: 14    God:
Gold:   226        SH:  0    Dex: 18    Spells: 4/4 levels left

rFire   . . .        Y - +0 shortbow
rCold   . . .        (shield currently unavailable)
rNeg    . . .        c - +0 leather armour
rPois   .            b - +1 helmet
rElec   .            h - +2 cloak
rCorr   .            (no gloves)
SInv    .            (no boots)
Will    +....        (no amulet)
Stlth   ++           m - ring of willpower
HPRegen 0.24/turn    (no ring)
MPRegen 0.10/turn

%: no passive effects
@: lethally poisoned (-1 -> -16)
A: no striking features
a: no special abilities


You were on level 3 of the Dungeon.
You visited 1 branch of the dungeon, and saw 4 of its levels.

You collected 226 gold pieces.


   Skills:
 - Level 1.5 Fighting
 + Level 8.8 Ranged Weapons
 - Level 2.4 Dodging
 - Level 1.2 Stealth


You had 4 spell levels left.
You didn't know any spells.
Your spell library was empty.

Inventory:

Hand Weapons
 Y - a +0 shortbow (weapon)
Armour
 b - a +1 helmet (worn)
 c - a +0 leather armour (worn)
 h - a +2 cloak (worn)
Jewellery
 m - a ring of willpower (left hand)
 n - a ring of ice
Scrolls
 a - a scroll of identify
Potions
 e - a potion of might
 f - a potion of curing {unknown}
 i - a potion of haste {unknown}
 j - a potion of mutation {unknown}
 k - a potion of enlightenment {unknown}
 l - a potion of cancellation {unknown}

Dungeon Overview and Level Annotations

Branches:
Dungeon (4/15)
 Temple: D:4-7

Altars:
Gozag
Hepliaklqana


Message History

Enter note:
Enter note:
Enter note:
Enter note:
Enter note:
Enter note:
Enter note:
Enter note:
Enter note:
Enter note:
Enter note:
Enter note: You shoot an arrow.
The arrow barely misses the scorpion.
You feel sick.
The scorpion stings you but does no damage. x2
You shoot an arrow. The arrow hits the scorpion.
The scorpion is almost dead.
You feel sick. The scorpion closely misses you.
You shoot an arrow.
The arrow hits the scorpion but does no damage.
The scorpion is almost dead.
You feel sick.
The scorpion stings you but does no damage.
You shoot an arrow. The arrow barely misses the scorpion.
You feel sick.
You are no longer poisoned.
The scorpion stings you.
You are poisoned.
The scorpion poisons you!
You shoot an arrow. The arrow hits the scorpion.
The scorpion is almost dead.
You feel sick. The scorpion stings you.
You are lethally poisoned!
The scorpion poisons you!
You shoot an arrow. The arrow hits the scorpion.
You kill the scorpion!
You feel very sick.
You have reached level 5!
There is a lethal amount of poison in your body!
You die...

.##.....#..#####.......#....#####
###.....+.....#........####......
~##.....###.#.#.......###.....##.
..#.....###...........##....%.##.
..'..####........#######......##.
..#.....+........#...............
~##.....#........#...:##.........
###.....########......##.........
......### #..@....###.........
......########...%.....#.........
.............#.........#....#####
.............................####
............................%....
.........##......................
.........##.................#....
.........##.................#....
.........#.......................


There were no monsters in sight!

Vanquished Creatures
  A scorpion (D:3)
  6 adders
  A worm (D:2)
  2 dart slugs (D:3)
  2 orcs (D:3)
  3 ball pythons
  5 endoplasms
  3 giant cockroaches
  2 goblins
  4 hobgoblins
  7 jackals
  A quokka (D:2)
  10 bats
  3 frilled lizards
  A kobold (D:2)
  4 rats (D:1)
  A spectral hobgoblin (D:3)
56 creatures vanquished.

Notes
Turn   | Place    | Note
-------+----------+-------------------------------------------
     0 | D:1      | qw the Deep Elf Hunter began the quest for the Orb.
     0 | D:1      | Reached XP level 1. HP: 12/12 MP: 3/3
     0 | D:1      | 0 ||| qw: Version: 0.3-a-9-g12657ce
     0 | D:1      | 0 ||| qw: Game counter: 2610
     0 | D:1      | 0 ||| qw: Always use a shield: true
     0 | D:1      | 0 ||| qw: God list: Okawaru
     0 | D:1      | 0 ||| qw: Allow faded altars: false
     0 | D:1      | 0 ||| qw: Do Orc after D:15 true
     0 | D:1      | 0 ||| qw: Do second Lair branch before Depths: true
     0 | D:1      | 0 ||| qw: Lair rune preference: random
     0 | D:1      | 0 ||| qw: Plans: Normal
     0 | D:1      | 0 ||| PLANNING D:1-11
   227 | D:1      | Reached skill level 6 in Ranged Weapons
   227 | D:1      | Reached XP level 2. HP: 16/16 MP: 4/4
   802 | D:1      | 802 ||| UPGRADING to +1 cloak.
   807 | D:1      | 807 ||| DROPPING ring of flight.
   808 | D:1      | 808 ||| READING 2 scrolls labelled IPSE UGRAU.
   809 | D:1      | 809 ||| READING 3 scrolls labelled SAOTHR LIFIWN.
   810 | D:1      | 810 ||| READING 2 scrolls of enchant armour.
   810 | D:1      | 810 ||| ENCHANTING +1 cloak.
   811 | D:1      | 811 ||| DROPPING scroll of butterflies.
   946 | D:2      | Reached XP level 3. HP: 20/20 MP: 5/5
  1132 | D:2      | Reached skill level 7 in Ranged Weapons
  1400 | D:2      | 1400 ||| READING scroll labelled NOZASK ONNONU.
  1401 | D:2      | 1401 ||| READING scroll labelled RUGETUEMAS.
  1406 | D:2      | 1406 ||| READING 2 scrolls of identify.
  1406 | D:2      | 1406 ||| IDENTIFYING yellow potion
  1407 | D:2      | 1407 ||| DROPPING potion of brilliance.
  1472 | D:3      | Found an opulent altar of Gozag.
  1537 | D:3      | Reached XP level 4. HP: 25/25 MP: 6/6
  1628 | D:3      | 1628 ||| Stepping ~*~*~tactically~*~*~ (outnumbered).
  1877 | D:3      | Found a hazy altar of Hepliaklqana.
  1879 | D:3      | Reached skill level 8 in Ranged Weapons
  2047 | D:3      | 2047 ||| UPGRADING to +0 helmet.
  2052 | D:3      | 2052 ||| READING scroll of enchant armour.
  2052 | D:3      | 2052 ||| ENCHANTING +0 helmet.
  2053 | D:3      | 2053 ||| UPGRADING to ring of willpower.
  2054 | D:3      | 2054 ||| READING 2 scrolls labelled JIECIL GOEW.
  2055 | D:3      | 2055 ||| READING 2 scrolls of identify.
  2055 | D:3      | 2055 ||| IDENTIFYING purple potion
  2056 | D:3      | 2056 ||| DROPPING scroll of fear.
  2083 | D:4      | Noticed a scorpion
  2087 | D:4      | 2087 ||| STAIRDANCE
  2094 | D:3      | Killed a scorpion
  2094 | D:3      | HP: 2/25 [poisoned by a scorpion]
  2095 | D:3      | Reached XP level 5. HP: 3/29 MP: 7/7
  2095 | D:3      | Succumbed to a scorpion's poison

Levels and vault maps discovered:
D:1:      dpeg_arrival_snail, layout_basic, minivault_26, minmay_misc_feat_tower
D:2:      layout_basic, serial_aquarium, aquarium_bridge_square
          [aquarium_subvault_window, aquarium_subvault_wall,
          aquarium_subvault_bridge, aquarium_subvault_bridge],
          aquarium_bridge_island_small [aquarium_subvault_small_water,
          aquarium_subvault_wall, aquarium_subvault_bridge,
          aquarium_subvault_window, aquarium_subvault_bridge],
          aquarium_window_1, aquarium_window_2, aquarium_view_2c
D:3:      layout_basic, nicolae_hepliaklqana_monster_ancestors,
          mainiacjoe_overflow_surrounded_room
D:4:      layout_loops_ring, nicolae_tso_besieged_by_evil,
          nicolae_qazlal_beasts_of_the_sky, kennysheep_little_box,
          minmay_misc_feat_tiny, uniq_sigmund

Skill      XL: |  1  2  3  4 |
---------------+-------------+-----
Ranged Weapons | 6 7 8 |  8.8
Fighting       | |  1.5
Dodging        | |  2.4
Stealth        | |  1.2

Action                     |  1- 3 |  4- 6 || total
---------------------------+-------+-------++-------
   Fire: Shortbow          |   116 |    51 ||   167
    Use: Scroll            |     6 |     3 ||     9
 Armour: Leather armour    |     8 |    10 ||    18
  Dodge: Dodged            |    24 |    11 ||    35

Table legend:
 A = Non-vault XP
 B = Vault XP
 C = Vault XP percentage of total XP
 D = Non-vault monster count
 E = Vault monster count
 F = Vault count percentage of total count
                 A         B        C        D         E       F
            +---------+---------+-------+---------+---------+-------
      Total |     253 |       3 |   1.2 |      54 |       2 |   3.6
            +---------+---------+-------+---------+---------+-------
        D:1 |      33 |       0 |   0.0 |      21 |       0 |   0.0
        D:2 |      44 |       0 |   0.0 |      17 |       0 |   0.0
        D:3 |     176 |       3 |   1.7 |      16 |       2 |  11.1
            +---------+---------+-------+---------+---------+-------
